 Seeded DCSS version 0.30.1-3-gfc49f6343a (webtiles) character file.

Game seed: 20230804 (custom seed)

209 AccursedSamuel the Covered (level 5, -1/33 HPs)
             Began as a Gargoyle Fighter on Aug 9, 2023.
             Slain by a jelly (3 damage)
             ... in a sewer.
             The game lasted 00:09:00 (3769 turns).

AccursedSamuel the Covered (Gargoyle Fighter)       Turns: 3769, Time: 00:09:01

Health: -1/33      AC: 12    Str: 22    XL:     5   Next: 87%
Magic:  5/5        EV: 10    Int:  8    God:
Gold:   171        SH:  4    Dex:  9    Spells: 4/4 levels left

rFire   . . .        a - +0 flail
rCold   . . .        c - +0 buckler
rNeg    + . .        b - +1 scale mail
rPois   ∞            (no helmet)
rElec   +            (no cloak)
rCorr   .            (no gloves)
SInv    .            (no boots)
Will    .....        (no amulet) Stlth
                     d - ring of poison resistance
HPRegen 0.25/turn    (no ring)
MPRegen 0.09/turn

%: no passive effects
@: very slow
A: sickness immunity, AC +4, negative energy resistance 1, electricity
resistance, torment resistance 1, petrification resistance, deterioration 1,
mutation resistance 1
a: no special abilities


You were in a sewer.
You visited 1 branch of the dungeon, and saw 4 of its levels.
You also visited: Sewer.

You collected 171 gold pieces.

Inventory:

Hand Weapons
 a - a +0 flail (weapon)
Armour
 b - a +1 scale mail (worn)
 c - a +0 buckler (worn)
Magical Staves
 q - a staff of earth
Jewellery
 d - a ring of poison resistance (left hand)
Wands
 g - a wand of flame (20)
Scrolls
 e - 2 scrolls of teleportation
 f - a scroll of blinking
 j - 2 scrolls of identify
 k - a scroll of immolation {unknown}
 r - a scroll of magic mapping {unknown}
Potions
 h - 2 potions of mutation
 l - 2 potions of brilliance {unknown}
 m - 2 potions of ambrosia {unknown}
 n - a potion of attraction {unknown}
 o - a potion of magic
 p - a potion of invisibility {unknown}


   Skills:
 + Level 3.8 Fighting
 + Level 3.9 Maces & Flails
 + Level 4.1 Armour
 + Level 1.5 Dodging
 + Level 0.5 Stealth
 + Level 4.1 Shields


You had 4 spell levels left.
You didn't know any spells.
Your spell library contained the following spells:

 Spells                   Type           Power      Damage    Failure   Level
 Apportation              Tloc           0%         N/A       80%         1
 Summon Forest            Summ/Tloc      0%         N/A       100%        5
 Dispersal                Tloc           0%         N/A       100%        6


Dungeon Overview and Level Annotations

Branches:
Dungeon (4/15)              Sewer (1/1)
 Temple: D:4-7

Altars:


Innate Abilities, Weirdness & Mutations

You are immune to sickness and miasma.
Your stone body is resilient. (AC +4)
You are immune to poison.
You resist negative energy. (rN+)
You are resistant to electric shocks. (rElec)
You are resistant to unholy torment.
You are immune to petrification.
Your body sometimes deteriorates upon taking damage.
You are somewhat resistant to further mutation.


Message History

You hit the river rat but do no damage.
The river rat bites you but does no damage.
The jelly hits you but does no damage.
The rat splashes around in the water.
You closely miss the river rat. The river rat barely misses you.
The jelly closely misses you.
The rat splashes around in the water.
You barely miss the river rat. The river rat bites you.
The jelly barely misses you. The rat barely misses you.
Your unstable footing causes you to fumble your attack.
The river rat barely misses you. The jelly hits you but does no damage.
The rat closely misses you. The jelly hits you but does no damage.
The river rat bites you. You block the rat's attack.
Your unstable footing causes you to fumble your attack.
You block the jelly's attack. The river rat bites you.
* * * LOW HITPOINT WARNING * * *
The rat closely misses you.
You completely miss the river rat.
The river rat bites you but does no damage.
The jelly closely misses you.
The rat splashes around in the water.
Your unstable footing causes you to fumble your attack.
The river rat bites you!
* * * LOW HITPOINT WARNING * * *
The jelly hits you but does no damage. The rat bites you but does no damage.
The river rat closely misses you. The jelly hits you but does no damage.
Your unstable footing causes you to fumble your attack.
The rat splashes around in the water.
The jelly hits you but does no damage.
The river rat bites you but does no damage.
The rat splashes around in the water.
Your unstable footing causes you to fumble your attack.
The jelly barely misses you. The river rat closely misses you.
The rat bites you but does no damage.
Your unstable footing causes you to fumble your attack.
The river rat bites you but does no damage.
The jelly hits you but does no damage. The rat closely misses you.
Your unstable footing causes you to fumble your attack.
The river rat barely misses you. The jelly closely misses you.
The rat barely misses you.
You hit the river rat but do no damage.
The river rat bites you but does no damage.
The jelly hits you.
You die...

#~..
##..~~..##~~# #.~
#.~~~.###.~######
#..# ##.~####
#..~.....
#~..###†.~#
#~~.....~
#∩~~..†.~#
#########
##..~~.~##
####.~## ##.r#
#.J@# .~~~.~r##
..~..~# ##~.~.
#.~~. #.[.# #!_?
###


You could see a jelly, a river rat and a rat.

Vanquished Creatures
  A hound (D:4)
  An orc wizard (D:3)
  5 adders
  2 river rats (Sewer)
  4 worms
  4 dart slugs
  4 orcs (D:3)
  5 ball pythons
  9 endoplasms
  3 giant cockroaches
  5 goblins
  2 hobgoblins
  2 kobolds (D:1)
  5 quokkas
  5 bats
  3 frilled lizards
  8 rats
68 creatures vanquished.

Notes
Turn   | Place    | Note
-------+----------+-------------------------------------------
     0 | D:1      | AccursedSamuel the Gargoyle Fighter began the quest for the
                  | Orb.
     0 | D:1      | Reached XP level 1. HP: 14/14 MP: 1/1
    45 | D:1      | Found a faded altar of an unknown god.
   244 | D:1      | Reached XP level 2. HP: 18/19 MP: 2/2
   907 | D:1      | Gained mutation: Your body sometimes deteriorates upon
                  | taking damage. [potion of mutation]
   907 | D:1      | Gained mutation: You are somewhat resistant to further
                  | mutation. [potion of mutation]
   993 | D:2      | Reached XP level 3. HP: 16/23 MP: 3/3
  1850 | D:3      | Got the Almanac of Location
  1914 | D:3      | Reached XP level 4. HP: 29/29 MP: 4/4
  2691 | D:3      | Reached skill level 1 in Dodging
  3208 | D:4      | Reached XP level 5. HP: 29/33 MP: 5/5
  3422 | D:4      | Found a glowing drain.
  3448 | Sewer    | Entered a sewer
  3756 | Sewer    | Found a viscous altar of Jiyva.
  3764 | Sewer    | HP: 1/33 [river rat (8)]
  3769 | Sewer    | Slain by a jelly

Illustrated notes

Levels and vault maps discovered:
D:1:      roderic_octagonal_star, layout_basic,
          hellmonk_ecumenical_altar_run_dry, minmay_box_of_dots
D:2:      layout_loops_ring
D:3:      layout_basic, serial_aquarium, aquarium_bridge_long_separate
          [aquarium_subvault_wall, aquarium_subvault_wall,
          aquarium_subvault_bridge, aquarium_subvault_wall,
          aquarium_subvault_bridge, aquarium_subvault_bridge],
          aquarium_window_1, aquarium_window_fake, aquarium_view_2d,
          aquarium_view_4, aquarium_pool_1
D:4:      layout_basic, gammafunk_temple_overflow_forgotten,
          portal_sewer_entry_b
Sewer:    sewer_hellmonk_slimy_pipes

Skill      XL: |  1  2  3  4  5 |
---------------+----------------+-----
Maces & Flails | 3 |  3.9
Armour         | 4 |  4.1
Dodging        | 1 |  1.5
Shields        | 4 |  4.1
Fighting       | |  3.8
Stealth        | |  0.5

Action                     |  1- 3 |  4- 6 || total
---------------------------+-------+-------++-------
  Melee: Flail             |   151 |   151 ||   302
    Use: Scroll            |     6 |       ||     6
         Potion            |     5 |     1 ||     6
 Armour: Scale mail        |   102 |   167 ||   269
  Dodge: Dodged            |    90 |   138 ||   228
  Block: Buckler           |    43 |    61 ||   104
